 Dungeon Crawl Stone Soup version 0.23-a0-899-gbbae0a3 (webtiles) character file.

Game seed: 16338701830700872103

453 Mgcat the Cleaver (level 7, -3/91 HPs)
             Began as a Hill Orc Fighter on Jan 29, 2019.
             Slain by a blink frog (8 damage)
             ... on level 1 of the Abyss.
             The game lasted 00:05:43 (2102 turns).

Mgcat the Cleaver (Hill Orc Fighter)                Turns: 2102, Time: 00:05:43

Health: -3/91      AC: 23    Str: 26    XL:     7   Next: 5%
Magic:  16/16      EV:  2    Int:  8    God:
Gold:   111        SH:  9    Dex: 10    Spells: 6/6 levels left

rFire    . . .     SeeInvis .   a - +0 war axe
rCold    . . .     Gourm    .   c - +0 shield
rNeg     + + +     Faith    .   (armour currently unavailable)
rPois    +         Spirit   .   (helmet currently unavailable)
rElec    .         Reflect  .   (cloak currently unavailable)
rCorr    .         Harm     .   (gloves currently unavailable)
MR       .....     NoTele   +   (boots currently unavailable)
Stlth    +.........             (no amulet)
HPRegen  0.25/turn              g - ring of magical power {MP+9}
MPRegen  0.15/turn              (no ring)

@: mighty, tree-form, berserk cooldown, slowed, very slow
A: no striking features
a: no special abilities


You were on level 1 of the Abyss.
You were not hungry.
You were a tree.
You visited 1 branch of the dungeon, and saw 3 of its levels.
You visited the Abyss 1 time.

You collected 111 gold pieces.

Inventory:

Hand Weapons
 a - a +0 war axe (weapon)
Missiles
 l - a throwing net {=f, !d}
Armour
 b - a +0 scale mail (melded)
 c - a +0 shield (worn)
 r - a +1 pair of gloves (melded)
   (You found it on level 2 of the Dungeon)
Jewellery
 g - a ring of magical power (left branch) {MP+9}
   (You found it on level 1 of the Dungeon)
Scrolls
 e - 3 scrolls of remove curse
 n - a scroll of magic mapping {!r}
 w - a scroll of identify
Potions
 j - a potion of mutation {unknown}
 o - a potion of ambrosia
 t - a potion of haste {unknown}
 u - a potion of brilliance {unknown}
Comestibles
 f - 10 rations
 k - a chunk of flesh {@w0}


   Skills:
 - Level 5.0 Fighting
 + Level 8.9 Axes
 - Level 3.2 Armour
 - Level 3.2 Shields


You had 6 spell levels left.
You didn't know any spells.
Your spell library was empty.

Dungeon Overview and Level Annotations

Branches:
Dungeon (3/15)

Altars:
Gozag
Nemelex Xobeh


Message History

Warning x2: The blink frog is fast, can hit for moderate damage in melee, and blinks! x2
You barely miss the blink frog.
The blink frog is heavily wounded.
The blink frog hits you.
* * * LOW HITPOINT WARNING * * *
You take 4 damage, and have 20/126 hp.
Warning x2: The blink frog is fast, can hit for moderate damage in melee, and blinks! x2
You barely miss the blink frog.
The blink frog is heavily wounded.
The blink frog hits you!
* * * LOW HITPOINT WARNING * * *
The blink frog blinks!
You take 10 damage, and have 10/126 hp.
Warning x2: The blink frog is fast, can hit for moderate damage in melee, and blinks! x2
You slice the blink frog!!
You kill the blink frog!
Your Axes skill increases to level 8!
You have reached level 7!
The substance of the Abyss twists violently, and a gateway leading down appears!
MP restored: 16 Spoiler Alert: The blink frog is fast, can hit for moderate damage in melee, and blinks!
Unknown command.
Spoiler Alert: The blink frog is fast, can hit for moderate damage in melee, and blinks!
Unknown command.
Spoiler Alert: The blink frog is fast, can hit for moderate damage in melee, and blinks!
Unknown command.
Spoiler Alert: The blink frog is fast, can hit for moderate damage in melee, and blinks!
Unknown command.
Spoiler Alert: The blink frog is fast, can hit for moderate damage in melee, and blinks!
Unknown command.
Spoiler Alert: The blink frog is fast, can hit for moderate damage in melee, and blinks!
You completely miss the blink frog.
The blink frog is heavily wounded.
The blink frog hits you but does no damage.
You block the blink frog's attack.
Spoiler Alert: The blink frog is fast, can hit for moderate damage in melee, and blinks!
You miss the blink frog.
The blink frog is heavily wounded.
The blink frog blinks!
Spoiler Alert: The blink frog is fast, can hit for moderate damage in melee, and blinks!
You are too berserk!
Spoiler Alert: The blink frog is fast, can hit for moderate damage in melee, and blinks!
You are too berserk!
Spoiler Alert: The blink frog is fast, can hit for moderate damage in melee, and blinks!
Unknown command.
Spoiler Alert: The blink frog is fast, can hit for moderate damage in melee, and blinks!
You are too berserk!
Spoiler Alert: The blink frog is fast, can hit for moderate damage in melee, and blinks!
You are too berserk!
Spoiler Alert: The blink frog is fast, can hit for moderate damage in melee, and blinks!
Unknown command.
Spoiler Alert: The blink frog is fast, can hit for moderate damage in melee, and blinks!
The blink frog blinks!
You feel a strong urge to attack something.
Spoiler Alert: The blink frog is fast, can hit for moderate damage in melee, and blinks!
You are no longer berserk.
You are exhausted.
You feel yourself slow down.
You now have 8/91 hp.
Spoiler Alert: The blink frog is fast, can hit for moderate damage in melee, and blinks!
Unknown command.
Spoiler Alert: The blink frog is fast, can hit for moderate damage in melee, and blinks!
Unknown command.
Spoiler Alert: The blink frog is fast, can hit for moderate damage in melee, and blinks!
Unknown command.
Spoiler Alert: The blink frog is fast, can hit for moderate damage in melee, and blinks!
Unknown command.
Spoiler Alert: The blink frog is fast, can hit for moderate damage in melee, and blinks!
The blink frog blinks!
Unknown command.
Unknown command.
Unknown command.
Spoiler Alert: The blink frog is fast, can hit for moderate damage in melee, and blinks!
Unknown command.
Spoiler Alert: The blink frog is fast, can hit for moderate damage in melee, and blinks!
The blink frog blinks!
Spoiler Alert: The blink frog is fast, can hit for moderate damage in melee, and blinks!
Warning x2: The blink frog is fast, can hit for moderate damage in melee, and blinks! x2
You barely miss the blink frog.
The blink frog hits you but does no damage.
The blink frog blinks!
The blink frog hits you but does no damage. x2
Warning x2: The blink frog is fast, can hit for moderate damage in melee, and blinks! x2
You barely miss the blink frog. You block the blink frog's attack.
The blink frog hits you but does no damage.
Spoiler Alert: The blink frog is fast, can hit for moderate damage in melee, and blinks!
You miss the blink frog. The blink frog hits you!
* * * LOW HITPOINT WARNING * * *
The blink frog hits you but does no damage.
You block the blink frog's attack.
You take 7 damage, and have 4/91 hp.
Spoiler Alert: The blink frog is fast, can hit for moderate damage in melee, and blinks!
You barely miss the blink frog.
The blink frog hits you but does no damage.
You block the blink frog's attack.
Warning x2: The blink frog is fast, can hit for moderate damage in melee, and blinks! x2
You slash the blink frog!
The blink frog is heavily wounded.
The blink frog hits you!
You die...

# . # .#
# . # ##
# . . .
.. . #..
. ..
#...
####
..#.###.
###. #
#...##F.
..
#..F##
[#. #..
##.##♣#
# # .. #
##### #
.F#.. F
.. # .


You could see 2 blink frogs.

Vanquished Creatures
  2 blink frogs (Abyss:1)
  4 adders
  3 worms (D:2)
  A dart slug (D:1)
  A leopard gecko (D:1)
  7 bats
  4 giant cockroaches
  6 goblins
  6 hobgoblins
  5 jackals
  4 kobolds
  A ball python (D:3)
  3 frilled lizards
  5 rats
52 creatures vanquished.

Notes
Turn   | Place    | Note
-------+----------+-------------------------------------------
     0 | D:1      | Mgcat the Hill Orc Fighter began the quest for the Orb.
     0 | D:1      | Reached XP level 1. HP: 19/19 MP: 1/1
    44 | D:1      | Reached skill level 3 in Axes
    46 | D:1      | Reached XP level 2. HP: 24/27 MP: 2/2
    53 | D:1      | Reached skill level 4 in Fighting
   236 | D:1      | Reached XP level 3. HP: 32/34 MP: 3/3
  1025 | D:2      | Reached skill level 4 in Axes
  1185 | D:2      | Reached XP level 4. HP: 35/41 MP: 4/4
  1455 | D:2      | Reached skill level 5 in Fighting
  1927 | D:3      | Reached skill level 5 in Axes
  1945 | D:3      | Found a sparkling altar of Nemelex Xobeh.
  1969 | D:3      | Found an opulent altar of Gozag.
  1984 | D:3      | Cast into level 1 of the Abyss (orc priest)
  2017 | Abyss:1  | Noticed a worldbinder
  2021 | Abyss:1  | Noticed a blink frog
  2031 | Abyss:1  | Noticed a large abomination
  2033 | Abyss:1  | Noticed a large abomination
  2034 | Abyss:1  | Noticed a blink frog
  2047 | Abyss:1  | Noticed a blink frog
  2050 | Abyss:1  | Noticed a blink frog
  2050 | Abyss:1  | Noticed a blink frog
  2050 | Abyss:1  | Noticed a blink frog
  2050 | Abyss:1  | Noticed a blink frog
  2078 | Abyss:1  | HP: 12/63 [blink frog (8)]
  2081 | Abyss:1  | Killed a blink frog
  2081 | Abyss:1  | Reached skill level 7 in Axes
  2081 | Abyss:1  | Reached XP level 5. HP: 14/48 MP: 5/5
  2081 | Abyss:1  | Reached XP level 6. HP: 17/56 MP: 6/6
  2085 | Abyss:1  | HP: 20/126 [blink frog (4)]
  2087 | Abyss:1  | Killed a blink frog
  2087 | Abyss:1  | Reached skill level 8 in Axes
  2087 | Abyss:1  | Reached XP level 7. HP: 11/61 MP: 7/7
  2100 | Abyss:1  | HP: 4/91 [blink frog (7)]
  2102 | Abyss:1  | Slain by a blink frog

Vault maps used:
D:1:      onia_arrival_pyramid
D:2:      first_ration, st_stairs_11, minmay_circled_x
D:3:      overflow_temple_1_default, lemuel_doored_altar, bloody_makhleb,
          nemelex_xobeh_ov_fountains_minmay
Abyss:1:  hangedman_abyss_mock_shop

Skill      XL: |  1  2  3  4  5  6 |
---------------+-------------------+-----
Axes           | 3 4 7 8 |  8.9
Fighting       | 4 5 |  5.0
Armour         | |  3.2
Shields        | |  3.2

Action                   |  1- 3 |  4- 6 |  7- 9 || total
-------------------------+-------+-------+-------++-------
Melee: War axe           |    82 |    91 |     7 ||   180
  Use: Scroll            |       |     9 |       ||     9
       Potion            |       |     5 |       ||     5
  Eat: Chunk             |     1 |     3 |       ||     4
Armor: Scale mail        |    39 |    48 |       ||    87
       Skin              |       |     8 |     7 ||    15
Dodge: Dodged            |    44 |    33 |       ||    77
Block: Shield            |    64 |    47 |     4 ||   115

Table legend:
 A = Non-vault XP
 B = Vault XP
 C = Vault XP percentage of total XP
 D = Non-vault monster count
 E = Vault monster count
 F = Vault count percentage of total count
                 A         B        C        D         E       F
            +---------+---------+-------+---------+---------+-------
      Total |     617 |      31 |   4.8 |      44 |       8 |  15.4
            +---------+---------+-------+---------+---------+-------
        D:1 |      41 |       0 |   0.0 |      21 |       0 |   0.0
        D:2 |      53 |      31 |  36.9 |      16 |       8 |  33.3
        D:3 |      19 |       0 |   0.0 |       5 |       0 |   0.0
    Abyss:1 |     504 |       0 |   0.0 |       2 |       0 |   0.0
            +---------+---------+-------+---------+---------+-------

Vault maps used:
D:1:      onia_arrival_pyramid
D:2:      first_ration, st_stairs_11, minmay_circled_x
D:3:      overflow_temple_1_default, lemuel_doored_altar, bloody_makhleb,
          nemelex_xobeh_ov_fountains_minmay
Abyss:1:  hangedman_abyss_mock_shop

Table legend:
 A = Turns spent in this place as a percentage of turns spent in the entire game.
 B = Non-inter-level travel turns spent in this place as a percentage of non-inter-level travel turns spent in the entire game.
 C = Inter-level travel turns spent in this place as a percentage of turns spent in this place.
 D = Turns resting spent in this place as a percentage of non-inter-level travel turns spent in this place.
 E = Turns spent auto-exploring this place as a percentage of non-inter-level travel turns spent in this place.
 F = Non-inter-level travel turns spent in this place divided by the number of levels of this place that you've seen.
                   A       B       C       D       E      F
               +-------+-------+-------+-------+-------+----------------------
         Total | 100.0 | 100.0 |   4.4 |   0.4 |  77.2 | 502.2
       Dungeon |  94.4 |  94.1 |   4.7 |   0.5 |  81.4 | 630.3
         Abyss |   5.6 |   5.9 |   0.0 |   0.0 |   9.3 | 118.0
               +-------+-------+-------+-------+-------+----------------------

Table legend:
 A = Kills in this place as a percentage of kills in entire the game.
 B = Kills by you in this place as a percentage of kills by you in the entire game.
 C = Kills by friends in this place as a percentage of kills by friends in the entire game.
 D = Other kills in this place as a percentage of other kills in the entire game.
 E = Experience gained in this place as a percentage of experience gained in the entire game.
 F = Experience gained in this place divided by the number of levels of this place that you have seen.
                   A       B       C       D       E      F
               +-------+-------+-------+-------+-------+----------------------
         Total | 100.0 | 100.0 |   N/A |   N/A | 100.0 | 162.0
       Dungeon |  96.2 |  96.2 |   N/A |   N/A |  22.2 |  48.0
         Abyss |   3.8 |   3.8 |   N/A |   N/A |  77.8 | 504.0
               +-------+-------+-------+-------+-------+----------------------
